| TOP OF THE 1ST |
|
Las Vegas 51s batting - Pitching for Indianapolis Indians : RHP Curt Campbell
|
|
Pitching: RHP Curt Campbell
|
|
|
Batting: LHB Jose Chavez
|
0-0: Ball 1-0: Swinging Strike 1-1: Ball 2-1: Ground out 4-3 (Groundball, 34, EV 109.4 MPH)
|
|
Batting: SHB Jason Evans
|
0-0: Called Strike 0-1: Called Strike 0-2: Strikes out swinging
|
|
Batting: RHB Josh Jones
|
0-0: Called Strike 0-1: Ground out 6-3 (Groundball, P, EV 84.4 MPH)
|
| Top of the 1st over - 0 runs, 0 hits, 0 errors, 0 left on base; Las Vegas 0 - Indianapolis 0 |
| BOTTOM OF THE 1ST |
|
Indianapolis Indians batting - Pitching for Las Vegas 51s : RHP Austin Kuhn
|
|
Pitching: RHP Austin Kuhn
|
|
|
Batting: SHB Francisco Gutierrez
|
0-0: Ball 1-0: Called Strike 1-1: Ball 2-1: Ball 3-1: Base on Balls
|
|
Batting: RHB Bubba Tierney
|
0-0: Ball Francisco Gutierrez steals 2nd base (no throw) 1-0: Ball 2-0: Ball 3-0: Reached on error, E5 (Groundball, 56, EV 81.9 MPH) Francisco Gutierrez to third
|
|
Batting: LHB Jorge Quintana
|
0-0: Ball Bubba Tierney steals 2nd, throwing error, E2 Francisco Gutierrez scores Bubba Tierney to third 1-0: Ball 2-0: Ball 3-0: Called Strike 3-1: Called Strike 3-2: DOUBLE (Line Drive, 78M, EV 106.2 MPH) Bubba Tierney scores
|
|
Batting: LHB Micah Boshnjaku
|
0-0: Swinging Strike 0-1: Ball 1-1: Ball 2-1: Ball 3-1: Foul Ball, location: 2F 3-2: DOUBLE (Line Drive, 78D, EV 101.9 MPH) Jorge Quintana scores
|
|
Batting: SHB Louie Horne
|
0-0: Foul Ball, location: 2F 0-1: Ground out 2-3 (Groundball, 15S, EV 68.1 MPH) Micah Boshnjaku to third
|
|
Batting: RHB Caleb Russell
|
0-0: Ball 1-0: Swinging Strike 1-1: Foul Ball, location: 2F 1-2: Foul Ball, location: 2F 1-2: Strikes out looking
|
|
Batting: SHB Ben Myers
|
0-0: Ball 1-0: Ball 2-0: Ball 3-0: Swinging Strike 3-1: Base on Balls
|
|
Batting: SHB Trevor Weareorwear
|
0-0: Swinging Strike 0-1: Called Strike 0-2: Strikes out swinging
|
| Bottom of the 1st over - 3 runs, 2 hits, 2 errors, 2 left on base; Las Vegas 0 - Indianapolis 3 |
| TOP OF THE 2ND |
|
Las Vegas 51s batting - Pitching for Indianapolis Indians : RHP Curt Campbell
|
|
Batting: RHB Billy Walker
|
0-0: Ball 1-0: SOLO HOME RUN (Flyball, 7D, EV 103.1 MPH), Distance : 397 ft
|
|
Batting: RHB Masaya Nakamura
|
0-0: Ball 1-0: Ball 2-0: Called Strike 2-1: Foul Ball, location: 2F 2-2: Strikes out swinging
|
|
Batting: RHB Bobby Coulombe
|
0-0: Ball 1-0: Called Strike 1-1: Ball 2-1: Foul Ball, location: 2F 2-2: Strikes out swinging
|
|
Batting: RHB Larry Shoop
|
0-0: Called Strike 0-1: Ball 1-1: Swinging Strike 1-2: Strikes out swinging
|
| Top of the 2nd over - 1 run, 1 hit, 0 errors, 0 left on base; Las Vegas 1 - Indianapolis 3 |
| BOTTOM OF THE 2ND |
|
Indianapolis Indians batting - Pitching for Las Vegas 51s : RHP Austin Kuhn
|
|
Batting: RHB Chris McCoy
|
0-0: Foul Ball, location: 2F 0-1: Bunted foul 0-2: SINGLE (Line Drive, 4MD, EV 103.8 MPH)
|
|
Batting: SHB Francisco Gutierrez
|
0-0: Fly out, F8 (Line Drive, 78M, EV 86.2 MPH)
|
|
Batting: RHB Bubba Tierney
|
0-0: Ball Chris McCoy steals 2nd base (no throw) 1-0: SINGLE (Flyball, 6D, EV 90.6 MPH) Chris McCoy to third
|
|
Batting: LHB Jorge Quintana
|
0-0: SINGLE (Groundball, 34D, EV 101.9 MPH) Chris McCoy scores Bubba Tierney to second Runner from 2nd tries for 3rd, SAFE, throw by RF made to third
|
|
Batting: LHB Micah Boshnjaku
|
0-0: Called Strike Jorge Quintana steals 2nd base 0-1: Ball 1-1: Called Strike 1-2: SINGLE (Line Drive, 89S, EV 111.9 MPH) Bubba Tierney scores Jorge Quintana to third Runner from 3rd tries for Home, SAFE, throw by CF to home
|
|
Pitching: LHP Ryan Price
|
|
|
Batting: SHB Louie Horne
|
0-0: Ball 1-0: Called Strike Micah Boshnjaku steals 2nd base 1-1: Ball 2-1: Foul Ball, location: 2F 2-2: Foul Ball, location: 2F 2-2: Strikes out swinging
|
|
Batting: RHB Caleb Russell
|
0-0: Ball 1-0: Foul Ball, location: 2F 1-1: Fly out, F7 (Line Drive, 7S, EV 94.4 MPH)
|
| Bottom of the 2nd over - 3 runs, 4 hits, 0 errors, 1 left on base; Las Vegas 1 - Indianapolis 6 |
| TOP OF THE 3RD |
|
Las Vegas 51s batting - Pitching for Indianapolis Indians : RHP Curt Campbell
|
|
Batting: RHB David Stayton
|
0-0: Foul Ball, location: 2F 0-1: Swinging Strike 0-2: Ball 1-2: Ball 2-2: Foul Ball, location: 2F 2-2: Fly out, F7 (Flyball, 78M, EV 84.4 MPH)
|
|
Batting: LHB Elmo Dreier
|
0-0: Ball 1-0: Fly out, F7 (Flyball, 7, EV 80.6 MPH)
|
|
Batting: LHB Jose Chavez
|
0-0: Called Strike 0-1: Ball 1-1: Swinging Strike 1-2: Strikes out looking
|
| Top of the 3rd over - 0 runs, 0 hits, 0 errors, 0 left on base; Las Vegas 1 - Indianapolis 6 |
| BOTTOM OF THE 3RD |
|
Indianapolis Indians batting - Pitching for Las Vegas 51s : LHP Ryan Price
|
|
Batting: SHB Ben Myers
|
0-0: Swinging Strike 0-1: Ball 1-1: Ball 2-1: Foul Ball, location: 2F 2-2: Ground out U3 (Groundball, 3L, EV 103.8 MPH)
|
|
Batting: SHB Trevor Weareorwear
|
0-0: Called Strike 0-1: Foul Ball, location: 2F 0-2: Foul Ball, location: 2F 0-2: Ball 1-2: Ball 2-2: Ground out 5-3 (Groundball, 56S, EV 81.2 MPH)
|
|
Batting: RHB Chris McCoy
|
0-0: Called Strike 0-1: DOUBLE (Line Drive, 9LM, EV 106.9 MPH)
|
|
Batting: SHB Francisco Gutierrez
|
0-0: Ball 1-0: Called Strike 1-1: Called Strike 1-2: Ball 2-2: Fly out, F9 (Line Drive, 9, EV 88.8 MPH)
|
| Bottom of the 3rd over - 0 runs, 1 hit, 0 errors, 1 left on base; Las Vegas 1 - Indianapolis 6 |
| TOP OF THE 4TH |
|
Las Vegas 51s batting - Pitching for Indianapolis Indians : RHP Curt Campbell
|
|
Batting: SHB Jason Evans
|
0-0: Foul Ball, location: 2F 0-1: Called Strike 0-2: Foul Ball, location: 2F 0-2: Ball 1-2: Strikes out swinging
|
|
Batting: RHB Josh Jones
|
0-0: Ball 1-0: Ball 2-0: Called Strike 2-1: Ball 3-1: Swinging Strike 3-2: Strikes out swinging
|
|
Batting: RHB Billy Walker
|
0-0: Ball 1-0: Foul Ball, location: 2F 1-1: Foul Ball, location: 2F 1-2: Foul Ball, location: 2F 1-2: Strikes out swinging
|
| Top of the 4th over - 0 runs, 0 hits, 0 errors, 0 left on base; Las Vegas 1 - Indianapolis 6 |
| BOTTOM OF THE 4TH |
|
Indianapolis Indians batting - Pitching for Las Vegas 51s : LHP Ryan Price
|
|
Batting: RHB Bubba Tierney
|
0-0: Foul Ball, location: 2F 0-1: Ball 1-1: Foul Ball, location: 2F 1-2: Foul Ball, location: 2F 1-2: Ball 2-2: Ball 3-2: Foul Ball, location: 2F 3-2: Foul Ball, location: 2F 3-2: Strikes out swinging
|
|
Batting: LHB Jorge Quintana
|
0-0: Called Strike 0-1: Ball 1-1: Foul Ball, location: 2F 1-2: Ball 2-2: Ball 3-2: Base on Balls
|
|
Pitching: RHP Matt Bennett
|
|
|
Batting: LHB Micah Boshnjaku
|
0-0: Called Strike 0-1: Ball 1-1: Swinging Strike 1-2: Foul Ball, location: 2F 1-2: Foul Ball, location: 2F 1-2: SINGLE (Groundball, 15S, EV 68.8 MPH) (infield hit) Jorge Quintana to second
|
|
Batting: SHB Louie Horne
|
0-0: Ball 1-0: Fly out, F8 (Flyball, 8LM, EV 88.8 MPH)
|
|
Batting: RHB Caleb Russell
|
0-0: Ball 1-0: SINGLE (Groundball, 56S, EV 64.4 MPH) (infield hit) Jorge Quintana to third Micah Boshnjaku to second
|
|
Batting: SHB Ben Myers
|
0-0: Ball 1-0: Called Strike 1-1: Ball Wild Pitch! Jorge Quintana scores Micah Boshnjaku to third Caleb Russell to second 2-1: Ball 3-1: Ground out 1-3 (Groundball, 34S, EV 73.8 MPH)
|
| Bottom of the 4th over - 1 run, 2 hits, 0 errors, 2 left on base; Las Vegas 1 - Indianapolis 7 |
| TOP OF THE 5TH |
|
Las Vegas 51s batting - Pitching for Indianapolis Indians : RHP Curt Campbell
|
|
Batting: RHB Masaya Nakamura
|
0-0: Called Strike 0-1: Ball 1-1: Swinging Strike 1-2: Strikes out swinging
|
|
Batting: RHB Bobby Coulombe
|
0-0: Called Strike 0-1: Swinging Strike 0-2: Foul Ball, location: 2F 0-2: Ball 1-2: Ball 2-2: Strikes out looking
|
|
Batting: RHB Larry Shoop
|
0-0: Called Strike 0-1: Ball 1-1: Foul Ball, location: 2F 1-2: Ball 2-2: Ball 3-2: Base on Balls
|
|
Batting: RHB David Stayton
|
0-0: Called Strike 0-1: Called Strike Larry Shoop steals 2nd base (no throw) 0-2: Ball 1-2: Strikes out looking
|
| Top of the 5th over - 0 runs, 0 hits, 0 errors, 1 left on base; Las Vegas 1 - Indianapolis 7 |
| BOTTOM OF THE 5TH |
|
Indianapolis Indians batting - Pitching for Las Vegas 51s : RHP Matt Bennett
|
|
Batting: SHB Trevor Weareorwear
|
0-0: Swinging Strike 0-1: Fly out, F9 (Flyball, 89M, EV 91.2 MPH)
|
|
Batting: RHB Chris McCoy
|
0-0: Ball 1-0: Ball 2-0: Foul Ball, location: 2F 2-1: Foul Ball, location: 2F 2-2: Strikes out swinging
|
|
Batting: SHB Francisco Gutierrez
|
0-0: Ball 1-0: Ball 2-0: Ball 3-0: Base on Balls
|
|
Batting: RHB Bubba Tierney
|
0-0: Ball Francisco Gutierrez steals 2nd base (no throw) 1-0: Called Strike 1-1: Ball 2-1: Foul Ball, location: 2F 2-2: Fly out, F7 (Line Drive, 7, EV 96.2 MPH)
|
| Bottom of the 5th over - 0 runs, 0 hits, 0 errors, 1 left on base; Las Vegas 1 - Indianapolis 7 |
| TOP OF THE 6TH |
|
Las Vegas 51s batting - Pitching for Indianapolis Indians : RHP Curt Campbell
|
|
Batting: LHB Elmo Dreier
|
0-0: Ball 1-0: Foul Ball, location: 2F 1-1: Called Strike 1-2: Strikes out looking
|
|
Batting: LHB Jose Chavez
|
0-0: Fly out, F6 (Line Drive, 6M, EV 61.2 MPH)
|
|
Batting: SHB Jason Evans
|
0-0: SINGLE (Line Drive, 8LS, EV 101.9 MPH)
|
|
Batting: RHB Josh Jones
|
0-0: SINGLE (Flyball, 7LS, EV 86.2 MPH) Jason Evans to second
|
|
Batting: RHB Billy Walker
|
0-0: Called Strike 0-1: Ball 1-1: Fly out, F7 (Line Drive, 7S, EV 90.6 MPH)
|
| Top of the 6th over - 0 runs, 2 hits, 0 errors, 2 left on base; Las Vegas 1 - Indianapolis 7 |
| BOTTOM OF THE 6TH |
|
Indianapolis Indians batting - Pitching for Las Vegas 51s : RHP Matt Bennett
|
|
Batting: LHB Jorge Quintana
|
0-0: Called Strike 0-1: Fly out, F8 (Flyball, 8LM, EV 88.8 MPH)
|
|
Batting: LHB Micah Boshnjaku
|
0-0: Called Strike 0-1: Ball 1-1: Ball 2-1: Fly out, F8 (Flyball, 8RXD, EV 102.5 MPH)
|
|
Batting: SHB Louie Horne
|
0-0: Ball 1-0: DOUBLE (Line Drive, 89D, EV 112.5 MPH)
|
|
Batting: RHB Caleb Russell
|
0-0: Ball 1-0: Swinging Strike 1-1: Swinging Strike 1-2: SINGLE (Groundball, 56S, EV 66.9 MPH) (infield hit) Louie Horne to third
|
|
Batting: SHB Ben Myers
|
0-0: Ball 1-0: 3-RUN HOME RUN (Flyball, 7LD, EV 91.2 MPH), Distance : 331 ft
|
|
Pitching: RHP Brian Wood
|
|
|
Batting: SHB Trevor Weareorwear
|
0-0: Ball 1-0: Foul Ball, location: 2F 1-1: Ground out 5-3 (Groundball, 5L, EV 86.9 MPH)
|
| Bottom of the 6th over - 3 runs, 3 hits, 0 errors, 0 left on base; Las Vegas 1 - Indianapolis 10 |
| TOP OF THE 7TH |
|
Las Vegas 51s batting - Pitching for Indianapolis Indians : RHP Curt Campbell
|
|
Batting: RHB Masaya Nakamura
|
0-0: Ball 1-0: SINGLE (Groundball, 3D, EV 104.4 MPH)
|
|
Batting: RHB Bobby Coulombe
|
0-0: Ball 1-0: Ball 2-0: Swinging Strike 2-1: Swinging Strike 2-2: Grounds into double play, 6-4-3 (Groundball, 6, EV 88.8 MPH)
|
|
Batting: RHB Larry Shoop
|
0-0: Swinging Strike 0-1: Ball 1-1: Swinging Strike 1-2: Fly out, F5 (Line Drive, 56, EV 88.1 MPH)
|
| Top of the 7th over - 0 runs, 1 hit, 0 errors, 0 left on base; Las Vegas 1 - Indianapolis 10 |
| BOTTOM OF THE 7TH |
|
Indianapolis Indians batting - Pitching for Las Vegas 51s : RHP Brian Wood
|
|
Batting: RHB Chris McCoy
|
0-0: Ball 1-0: Ground out 5-3 (Groundball, 25, EV 88.1 MPH)
|
|
Batting: SHB Francisco Gutierrez
|
0-0: Called Strike 0-1: Ball 1-1: Called Strike 1-2: Foul Ball, location: 2F 1-2: Strikes out swinging
|
|
Batting: RHB Bubba Tierney
|
0-0: Called Strike 0-1: Ball 1-1: Ball 2-1: Fly out, F9 (Line Drive, 9D, EV 108.8 MPH)
|
| Bottom of the 7th over - 0 runs, 0 hits, 0 errors, 0 left on base; Las Vegas 1 - Indianapolis 10 |
| TOP OF THE 8TH |
|
Las Vegas 51s batting - Pitching for Indianapolis Indians : RHP Curt Campbell
|
|
Batting: RHB David Stayton
|
0-0: Called Strike 0-1: SINGLE (Groundball, 34D, EV 99.4 MPH)
|
|
Batting: LHB Elmo Dreier
|
0-0: Called Strike 0-1: Foul Ball, location: 2F 0-2: SINGLE (Groundball, 4MS, EV 68.8 MPH) (infield hit) David Stayton to second
|
|
Batting: LHB Jose Chavez
|
0-0: Ball 1-0: Swinging Strike 1-1: Fielders Choice at 2nd, 3-6 (Groundball, 34, EV 89.4 MPH) David Stayton to third
|
|
Pitching: LHP Martin Garcia
|
|
|
Batting: SHB Jason Evans
|
0-0: Fly out, F7 (Line Drive, 7S, EV 96.2 MPH)
|
|
Batting: RHB Josh Jones
|
0-0: Called Strike 0-1: Called Strike 0-2: Strikes out swinging
|
| Top of the 8th over - 0 runs, 2 hits, 0 errors, 2 left on base; Las Vegas 1 - Indianapolis 10 |
| BOTTOM OF THE 8TH |
|
Indianapolis Indians batting - Pitching for Las Vegas 51s : RHP Brian Wood
|
|
Batting: LHB Jorge Quintana
|
0-0: Foul Ball, location: 2F 0-1: Fly out, F8 (Flyball, 8LD, EV 66.2 MPH)
|
|
Batting: LHB Micah Boshnjaku
|
0-0: Ball 1-0: Ball 2-0: Called Strike 2-1: Called Strike 2-2: Foul Ball, location: 2F 2-2: Ball 3-2: Foul Ball, location: 2F 3-2: Strikes out swinging
|
|
Batting: SHB Louie Horne
|
0-0: Ball 1-0: Called Strike 1-1: Hit by Pitch
|
|
Batting: RHB Caleb Russell
|
0-0: Ball 1-0: Foul Ball, location: 2F 1-1: Ball 2-1: Ground out 4-3 (Groundball, 4, EV 86.2 MPH)
|
| Bottom of the 8th over - 0 runs, 0 hits, 0 errors, 1 left on base; Las Vegas 1 - Indianapolis 10 |
| TOP OF THE 9TH |
|
Las Vegas 51s batting - Pitching for Indianapolis Indians : LHP Martin Garcia
|
|
Pinch Hitting: LHB Adam Hairston
|
0-0: Ground out 1-3 (Groundball, 15S, EV 71.2 MPH)
|
|
Batting: RHB Masaya Nakamura
|
0-0: Fly out, F9 (Line Drive, 9LS, EV 95.0 MPH)
|
|
Batting: RHB Bobby Coulombe
|
0-0: Foul Ball, location: 2F 0-1: Ball 1-1: Foul Ball, location: 2F 1-2: Strikes out swinging
|
| Top of the 9th over - 0 runs, 0 hits, 0 errors, 0 left on base; Las Vegas 1 - Indianapolis 10 |
|